 Dungeon Crawl Stone Soup version 0.30-a0-847-g17996783a1 (webtiles) character file.

Game seed: 1962994911145172379

56 demibob the Ruffian (level 3, -1/31 HPs)
             Began as a Draconian Chaos Knight on Mar 4, 2023.
             Was a Plaything of Xom.
             Killed from afar by Sigmund (9 damage)
             ... with a puff of flame
             ... on level 2 of the Dungeon.
             The game lasted 00:02:07 (1311 turns).

demibob the Ruffian (Draconian Chaos Knight)        Turns: 1311, Time: 00:02:09

Health: -1/31      AC:  5    Str: 14    XL:     3   Next: 69%
Magic:  3/3        EV: 12    Int: 12    God:    Xom [....*.]
Gold:   91         SH:  0    Dex: 12    Spells: 2/2 levels left

rFire   . . .      SeeInvis .      - Unarmed
rCold   . . .      Faith    .    (no shield)
rNeg    . . .      Spirit   .    (body armour unavailable)
rPois   .          Reflect  .    (helmet restricted)
rElec   .          Rampage  .    (no cloak)
rCorr   .                        (no gloves)
Will    .....                    (no boots)
Stlth   +                        (no amulet)
HPRegen 0.25/turn                (no ring)
MPRegen 0.08/turn                (no ring)

@: no status effects
A: AC +5, unfitting armour, cold-blooded
a: Renounce Religion


You were on level 2 of the Dungeon.
You worshipped Xom.
You were a beloved toy of Xom.
You visited 1 branch of the dungeon, and saw 2 of its levels.

You collected 91 gold pieces.


Innate Abilities, Weirdness & Mutations

Your plain brown scales are hard. (AC +5)
You cannot fit into any form of body armour.
You are cold-blooded and may be slowed by cold attacks.


   Skills:
 - Level 3.2 Fighting
 - Level 2.1 Dodging
 + Level 4.7 Unarmed Combat


You had 2 spell levels left.
You didn't know any spells.
Your spell library contained the following spells:

 Spells                   Type           Power      Damage    Failure   Level
 Borgnjor's Revivificati  Necr           0%         N/A       100%        8
 Necromutation            Tmut/Necr      0%         N/A       100%        8
 Death's Door             Necr           0%         N/A       100%        9

Inventory:

Scrolls
 c - 2 scrolls of blinking
Miscellaneous
 a - a piece from Xom's chessboard (15/15) (quivered)

Dungeon Overview and Level Annotations

Branches:
Dungeon (2/15)

Altars:

Annotations:
D:2 Sigmund

#. ########.
#>.)..##.
####.#.#.##.
###########
#.........'.
..@......@#
#....#.#.##.
#########.#
#....#.#....
#..b..#
#....#.#####
#.b.@.# #....#.#
### #.b.b.#
######.# #..
#.....# #.# #).
#####.#########.#
#.. #...........#
#..
########.....######
#.. ......†'....†#
#.. ########.....#
#.. .............#
###


You could see Sigmund (ally target).


Message History

Something hits you but does no damage.
You cannot move.
You cannot move.
You cannot move.
You swing at nothing.
The bat hits you but does no damage. Something hits you!
* * * LOW HITPOINT WARNING * * *
You feel much better. The bat barely misses you.
You smack the bat!
You kill the bat!
Something hits you.
Your transformation is almost over.
Something hits you! Something hits you. Something hits you but does no damage.
Something hits you.
Sigmund appears from thin air!
Reactivating autopickup.
You cannot move.
Unknown command.
You feel less wooden.
Sigmund hits you from afar with a +0 heavy scythe!
* * * LOW HITPOINT WARNING * * *
A shower of butterflies erupts from you!
You aren't carrying any potions.
Sigmund closely misses you. Sigmund closely misses you.
Sigmund casts a spell at you. The puff of flame hits you!
You die...
Xom roars with laughter!

Skill      XL: |  1  2 |
---------------+-------+-----
Unarmed Combat | 4 |  4.7
Fighting       | |  3.2
Dodging        | |  2.1

Action                     || total
---------------------------++-------
  Melee: Unarmed           ||   143
         Tailslap          ||    25
         Punch             ||     6
    Use: Scroll            ||     3
         Potion            ||     3
 Armour: Skin              ||    43
  Dodge: Dodged            ||   104

Levels and vault maps discovered:
D:1:      dpeg_arrival_prison, layout_basic
D:2:      layout_basic, uniq_sigmund, uniq_robin

Notes
Turn   | Place    | Note
-------+----------+-------------------------------------------
     0 | D:1      | demibob the Draconian Chaos Knight began the quest for the
                  | Orb.
     0 | D:1      | Reached XP level 1. HP: 19/19 MP: 1/1
   130 | D:1      | Reached XP level 2. HP: 14/26 MP: 2/2
   380 | D:1      | Reached skill level 4 in Unarmed Combat
   521 | D:1      | XOM: divination: magic mapping
   535 | D:1      | Reached XP level 3. HP: 25/31 MP: 3/3
  1267 | D:2      | Noticed Sigmund
  1280 | D:2      | XOM: enchant monster (bad)
  1305 | D:2      | XOM: butterfly on damage
  1311 | D:2      | Killed from afar by Sigmund

Vanquished Creatures
  An adder (D:2)
  2 dart slugs
  4 ball pythons (D:1)
  3 bats
  4 endoplasms (D:1)
  3 giant cockroaches (D:1)
  2 goblins (D:1)
  5 hobgoblins
  3 quokkas (D:1)
  7 frilled lizards
  3 kobolds (D:1)
  2 rats
39 creatures vanquished.

Table legend: (Time is in decaauts)
 A = Elapsed time spent in this place.
 B = Non-inter-level travel time spent in this place.
 C = Inter-level travel time spent in this place.
 D = Time resting spent in this place.
 E = Time spent auto-exploring this place.
 F = Levels seen in this place.
 G = Mean time per level.
                   A        B        C        D        E       F      G
               +--------+--------+--------+--------+--------+-----+--------+
         Total |   1305 |   1297 |      8 |      0 |   1009 |   2 |  652.5 |
       Dungeon |   1305 |   1297 |      8 |      0 |   1009 |   2 |  652.5 |
               +--------+--------+--------+--------+--------+-----+--------+

Top non-repeatable levels by time:
     D:1: 1144 daAuts
     D:2: 161 daAuts

Table legend:
 A = Non-vault XP
 B = Vault XP
 C = Vault XP percentage of total XP
 D = Non-vault monster count
 E = Vault monster count
 F = Vault count percentage of total count
                 A         B        C        D         E       F
            +---------+---------+-------+---------+---------+-------
      Total |      77 |       3 |   3.8 |      37 |       2 |   5.1
            +---------+---------+-------+---------+---------+-------
        D:1 |      50 |       3 |   5.7 |      28 |       2 |   6.7
        D:2 |      27 |       0 |   0.0 |       9 |       0 |   0.0
            +---------+---------+-------+---------+---------+-------
